[Event "European Women-ch 2023"]
[Site "Petrovac"]
[Date "2023.03.20"]
[Round "3.21"]
[White "Pirvulescu, Ekaterina"]
[Black "Kostina, Veronika"]
[Result "1-0"]
[ECO "B13"]
[WhiteElo "2032"]
[BlackElo "1855"]
[Annotator "TA"]
[PlyCount "93"]
[EventDate "2023.03.15"]
[EventType "swiss"]
[EventCountry "MNE"]
[SourceTitle "playchess.com"]
[Source "ChessBase"]
[SourceQuality "1"]
[TimeControl "40/5400+30:1800+30"]

1. e4 c6 2. d4 d5 3. exd5 cxd5 4. Bd3 Nc6 5. c3 Qc7 6. h3 g6 {[%emt 0:01:12] is now more promising than 6...Nf6.} 7. Ne2 {[%emt 0:01:22] B13: Caro-Kann: Exchange Variation and Panov-Botvinnik Attack.} Bf5 8. Bxf5 gxf5 9. Bf4 {[%emt 0:01:08][%cal Bc1f4,Bf4d6,Bd6c5][%mdl 32] White is slightly better.} Qd7 10. O-O {[#]} e6 $146 ({Predecessor:} 10... Nf6 11. Nd2 e6 12. Re1 Bd6 13. Nf3 Ne4 14. Ne5 Qc7 15. f3 Nf6 16. Nxc6 bxc6 {½-½ Genocchio,D (2440)-Rombaldoni,D (2533) ITA-ch 71st Perugia 2011 (1)}) 11. c4 Nge7 12. c5 Bg7 13. Nbc3 O-O 14. Bd6 b6 15. Rb1 bxc5 16. Bxc5 a5 17. Nf4 Kh8 18. a3 {[%emt 0:02:58][%cal Ba2a3,Ba3b4,Bb4b5][%mdl 32] White is more active.} Rfb8 19. b4 axb4 20. axb4 Nc8 (20... Ng6 $14 21. Nh5 Bh6) 21. b5 Na5 22. Nd3 Nc4 23. Nb2 (23. Qe2 $11) 23... N8d6 24. Nxc4 Nxc4 25. Qd3 Rb7 26. Ra1 Rg8 27. Ra6 Qd8 28. Rfa1 (28. b6 {keeps more tension.} Bh6 29. Ra7 Qg5 30. Qg3) 28... Rb8 29. Ra7 f6 {[%emt 0:03:25][%mdl 8192] [#] Black cannot hold the game after this.} (29... Qf6 $14) 30. Re7 Re8 31. Rxe8+ Qxe8 32. Qe2 Qg8 33. Ra7 h6 $2 (33... Bf8 34. Qh5 Qg6 35. Qxg6 hxg6 36. Bxf8 Rxf8) 34. Qh5 $18 {[%emt 0:02:54] White is clearly winning.} Rc8 35. Qg6 Nd2 (35... Qh7 $142 36. Qxh7+ Kxh7) 36. b6 Nc4 37. Nb5 Rb8 38. Nc7 Bf8 39. Qxg8+ Kxg8 40. b7 Na5 41. Rxa5 {[%emt 0:02:25] [#] Black must now prevent Ra7.} Rxb7 42. Nxe6 Bxc5 43. Rxc5 {[%emt 0:01:30] Hoping for Rc8+. KRN-KR} Rb1+ 44. Kh2 Rb2 45. Kg3 h5 46. h4 Rb3+ 47. f3 {[%emt 0:00:18] Weighted Error Value: White=0.19 (very precise) /Black=0.46} 1-0

[Event "European Women-ch 2023"]
[Site "Petrovac"]
[Date "2023.03.20"]
[Round "3.21"]
[White "Tsotsonava, Elene"]
[Black "Popovic, Mateja"]
[Result "*"]
[WhiteElo "2030"]
[BlackElo "1832"]
[Annotator "TA"]
[PlyCount "32"]
[EventDate "2023.03.15"]
[EventType "swiss"]
[EventCountry "MNE"]
[SourceTitle "playchess.com"]
[Source "ChessBase"]
[SourceQuality "1"]
[TimeControl "40/5400+30:1800+30"]

1. e4 c6 2. d4 d5 3. exd5 cxd5 4. Bd3 Nc6 5. c3 Qc7 6. h3 g6 {[%emt 0:01:12] is recently more successful than 6...Nf6.} 7. Ne2 {[%emt 0:01:22] B13: Caro-Kann: Exchange Variation and Panov-Botvinnik Attack.} Bf5 8. Bxf5 gxf5 9. Bf4 Qd7 {[%emt 0:01:20] [#] White took control after the opening.   Weighted Error Value: White=0.08 (flawless) /Black=0.10 (very precise)} {Predecessor:} 10. Nd2 $146 Nf6 11. Nf3 Rg8 12. Rg1 e6 13. Nc1 Ne4 14. Nd3 f6 15. Qe2 Bd6 16. Bxd6 Qxd6 {0-1 Tari,A (2639)-Mamedyarov,S (2770) NIC Classic Prelim rapid 2021 (12)} *

[Event "European Women-ch 2023"]
[Site "Petrovac"]
[Date "2023.03.20"]
[Round "3.22"]
[White "Hapala, Elisabeth"]
[Black "Hrebenshchykova, Yelyzaveta"]
[Result "0-1"]
[ECO "B49"]
[WhiteElo "2072"]
[BlackElo "2289"]
[Annotator "TA"]
[PlyCount "80"]
[EventDate "2023.03.15"]
[EventType "swiss"]
[EventCountry "MNE"]
[SourceTitle "playchess.com"]
[Source "ChessBase"]
[SourceQuality "1"]
[TimeControl "40/5400+30:1800+30"]

1. e4 c5 2. Nf3 e6 3. d4 cxd4 4. Nxd4 Nc6 5. Nc3 Qc7 6. Be3 a6 7. a3 b5 8. Nxc6 Qxc6 9. Be2 Bb7 {[%emt 0:02:51] B49: Sicilian: Taimanov: 5 Nc3 Qc7 6 Be3 a6 7 Be2.} 10. O-O Qc7 11. Bf3 Bd6 {[%emt 0:10:06] The position is equal.} 12. g3 Nf6 13. Qd3 {[%emt 0:05:38] [#]} Be5 $146 ({Predecessor:} 13... h5 14. Rad1 Be5 15. Bd4 d6 16. Bg2 h4 17. f4 Bxd4+ 18. Qxd4 hxg3 19. hxg3 O-O-O {½-½ Ilievski,D-Brajovic,R YUG-ch34 Bjelovar 1979 (9)}) 14. Bd4 d6 15. Bxe5 dxe5 16. Rfd1 O-O 17. Qd6 Rfc8 18. Bg2 Qxd6 19. Rxd6 g5 20. f3 Kf8 21. Kf2 Ke7 22. Rad1 Nd5 23. Nxd5+ $2 (23. R6xd5 $15 exd5 24. exd5) 23... Bxd5 $19 ({Weaker is} 23... Kxd6 24. Nb6+ Ke7 25. Rd7+ (25. Nxc8+ Rxc8 26. c3 f5 $11) 25... Ke8 26. Nxc8 (26. Rxb7 $2 Rxc2+ 27. Kg1 Rc1+ 28. Bf1 Rd8 $19) 26... Kxd7 27. Nb6+ Kd6 28. Nxa8 $11) 24. Rb6 Rxc2+ 25. Kg1 Bc6 26. Bf1 {[%emt 0:00:29] [#]} Be8 $1 27. b4 Ra2 28. Rd3 ({White should try} 28. h4 $19) 28... h5 {[%emt 0:08:15] aiming for ...Rc8.} 29. Rc3 {[%emt 0:05:54] Inhibits Rc8.} (29. Rb7+ $17 Kf6 30. Rc7) 29... Rd8 {[%emt 0:01:17] Hoping for ...Rd1.} 30. Rxa6 $2 (30. Bd3) 30... Rd1 31. Ra7+ Kf8 {[%emt 0:01:13] ...Raa1 is the strong threat.} 32. Rc8 {[%emt 0:01:18] [#]} Raa1 $1 33. Raa8 Rxf1+ 34. Kg2 {[%emt 0:00:01] [#]} Rfb1 $1 35. Rxe8+ {[%emt 0:00:08][%mdl 4096] Endgame KRR-KRR} (35. Rc2 g4) 35... Kg7 36. Rh8 Ra2+ 37. Kh3 Rh1 38. Rag8+ Kf6 39. Rh6+ Ke7 40. Rxh5 Raxh2+ {[%emt 0:00:00] Weighted Error Value: White=0.51/Black=0.07 (flawless)} ({Not} 40... Rxa3 41. Kg4 $14 (41. Rgxg5 Rxf3 42. Rxe5 Rf2 $14) (41. Rhxg5 Kf6 $11)) 0-1

[Event "European Women-ch 2023"]
[Site "Petrovac"]
[Date "2023.03.20"]
[Round "3.22"]
[White "Pirvulescu, Ekaterina"]
[Black "Kostina, Veronika"]
[Result "0-1"]
[ECO "E11"]
[WhiteElo "2032"]
[BlackElo "1855"]
[Annotator "TA"]
[PlyCount "104"]
[EventDate "2023.03.15"]
[EventType "swiss"]
[EventCountry "MNE"]
[SourceTitle "playchess.com"]
[Source "ChessBase"]
[SourceQuality "1"]
[TimeControl "40/5400+30:1800+30"]

1. d4 Nf6 2. c4 e6 3. Nf3 Bb4+ 4. Nbd2 O-O 5. a3 Be7 6. e4 d6 {[%emt 0:00:04][%cal Oe6e5] E11: Bogo-Indian.} (6... d5 $5 ) 7. Bd3 e5 8. d5 a5 {[%emt 0:01:46] [#] The position is equal.} 9. h3 $146 ({Predecessor:} 9. Bc2 Bd7 10. b3 Na6 11. O-O b5 12. cxb5 Bxb5 13. Re1 Nc5 14. a4 Ba6 15. Ba3 {½-½ Suleymanli,A (2552)-Predke,A (2684) EU-ch 23rd Vrnjacka Banja 2023 (4)}) 9... a4 10. Nb1 Nbd7 11. Nc3 Nc5 12. Bc2 c6 13. Be3 Nfd7 14. g4 (14. Bxa4 $14 Nxa4 15. Nxa4) 14... Qa5 15. O-O Nb6 16. Nd2 cxd5 17. cxd5 Bd7 18. Qe2 Qa6 19. Qf3 (19. Qxa6 $14 bxa6 20. Bxc5 dxc5 21. Kg2) 19... Nc4 $15 20. Nxc4 Qxc4 21. Rad1 Rfc8 22. Qg3 Be8 {[%emt 0:05:36] Black is more active.} (22... b5 $15) 23. h4 {[%emt 0:00:43] [#]} (23. Bb1 $11 {keeps the balance.}) 23... Nd7 (23... b5 $1 $17) 24. g5 (24. Bd3 $11 Qb3 25. Rb1) 24... f6 ({Black should play} 24... b5 $1 $15) 25. Bd3 $36 {[%emt 0:01:07][%mdl 2048] White is more active.} Qc7 26. Be2 fxg5 27. hxg5 Nf8 28. Bg4 Bd7 29. Bh5 {[%emt 0:00:35] Threatens to win with f4.} Qd8 (29... Be8 $1 $14 30. Be2 b5) 30. Kg2 (30. f4 $18 exf4 31. Qxf4) 30... Be8 $14 (30... Ng6 $2 31. Bxg6 hxg6 32. Rh1 $18) 31. Bg4 Bd7 32. Bh5 ({Better is} 32. Bf5 $14) 32... b5 (32... Ng6 $2 33. Bxg6 hxg6 34. Rh1 $18) (32... Be8 $1 $11 33. Bg4 Bd7) 33. Rh1 (33. f4 $14 exf4 34. Qxf4) 33... Be8 (33... b4 $11 34. Na2 (34. axb4 a3 $11) 34... bxa3 35. bxa3 Rc4) 34. Bg4 Bd7 35. Bf5 $1 g6 36. Bh3 (36. Bxd7 {is interesting.} Qxd7 37. f4 b4 38. axb4 a3 39. fxe5 axb2 40. e6) 36... Rc4 37. Rc1 b4 38. axb4 Rxb4 39. Bxd7 (39. Rc2 {seems wilder.} Bxh3+ 40. Rxh3 Qc8 41. Qf3) 39... Qxd7 40. Rc2 (40. Rb1 {is more complex.} Bd8 41. Qf3 Rb3 42. Rhc1) 40... Qb7 41. Bc1 Rc8 42. f3 $2 {[%emt 0:03:45] [#] Now White is beyond hope.} (42. Qg4 $15) 42... Rb3 $1 $19 {[%emt 0:03:25][%cal Oa4a3] Hoping for ...a3!} 43. Qe1 Bd8 {[%emt 0:01:04] And now ...Ba5 would win.} 44. Rh2 $2 (44. Qe3) 44... Ba5 45. Kg3 {[%emt 0:06:54] [#]} a3 $1 46. Bd2 (46. Qd1 axb2) 46... axb2 {[%emt 0:03:22] Strongly threatening ...Bxc3.} 47. Qb1 Bxc3 48. Bxc3 Rcxc3 49. Rxc3 Rxc3 50. Rxb2 Qf7 {[%emt 0:00:37] Black mates.} 51. Qh1 Qf4+ 52. Kg2 Qxf3+ {[%emt 0:00:13] Weighted Error Value: White=0.51/Black=0.27 (precise)} 0-1

[Event "European Women-ch 2023"]
[Site "Petrovac"]
[Date "2023.03.20"]
[Round "3.23"]
[White "Schulze, Lara"]
[Black "Valkova, Angelika"]
[Result "1/2-1/2"]
[ECO "B01"]
[WhiteElo "2277"]
[BlackElo "2055"]
[Annotator "TA"]
[PlyCount "93"]
[EventDate "2023.03.15"]
[EventType "swiss"]
[EventCountry "MNE"]
[SourceTitle "playchess.com"]
[Source "ChessBase"]
[SourceQuality "1"]
[TimeControl "40/5400+30:1800+30"]

1. e4 d5 2. exd5 Qxd5 3. Nc3 Qa5 4. d4 Nf6 5. Nf3 Bf5 6. Bd2 e6 $1 {[%emt 0:04:45][%mdl 4] is recently more successful than 6...c6. B01: Scandinavian Defence.} 7. Ne4 {[%emt 0:27:36][%mdl 64] Discovered Attack} Qb6 8. Nxf6+ gxf6 9. Bc3 Nc6 10. Bd3 $1 Bxd3 11. Qxd3 O-O-O 12. O-O {[%emt 0:02:57] [#]} Rd5 $146 ({Predecessor:} 12... Bg7 13. Rfd1 Ne5 14. Nxe5 fxe5 15. Qg3 exd4 16. Qxg7 dxc3 17. Qxc3 Rhg8 {0-1 Pljusnin,V (1743)-Paolantonio,M (1700) IECG QC.2005.0.00068 email}) 13. a4 Be7 14. Rfd1 h5 15. b3 h4 (15... Ne5 $5 16. Qe3 (16. dxe5 Rxd3 17. Rxd3 f5 $17) (16. Nxe5 fxe5 17. a5 Qc6 $11) 16... Nxf3+ 17. Qxf3 Kb8 $11) 16. Bb2 Ne5 17. Nxe5 ({Much weaker is} 17. dxe5 Rxd3 18. Rxd3 h3 19. exf6 Bc5 $17) 17... fxe5 18. a5 Rxa5 19. Rxa5 {[%emt 0:06:20][%mdl 64] Remove Defender} Qxa5 20. dxe5 (20. Bc3 $5 e4 21. Bxa5 exd3 22. Rxd3 $11) 20... Rd8 {[%emt 0:00:48] Against Qd7+} 21. Qe2 Rxd1+ 22. Qxd1 $15 {[%emt 0:00:01][%mdl 4096] Endgame KQB-KQB} Bg5 23. h3 (23. Kf1 $11) 23... Bf4 24. Kf1 (24. c4 $15 {is more appropriate.}) 24... Bxe5 $17 25. Bxe5 Qxe5 {[%emt 0:00:04] KQ-KQ} 26. Qg4 Qf5 27. Qxh4 Qxc2 28. Qh8+ Kd7 29. Qd4+ Kc6 30. b4 {[%emt 0:01:17] [#]} e5 {[%emt 0:02:02] Inhibits g3.} 31. b5+ $2 (31. Qxe5 $11 Qc4+ 32. Kg1) 31... Kxb5 $19 32. Qxe5+ c5 33. h4 {[%emt 0:00:57][%cal Bh3h4,Bh4h5][%mdl 32] [#]} Qd1+ (33... Ka4 $1 $19 {Strongly threatening ...b5.} 34. g3 c4) 34. Qe1 $15 Qd5 {[%emt 0:00:12] Threatens to win with ...a5.} 35. Qe2+ c4 36. h5 $1 Qf5 37. g4 {[%emt 0:01:01] The position is equal.} Qf6 38. Qe4 {[%emt 0:00:39] Qf5+ is the strong threat.} Kb4 39. Qxb7+ Kc3 40. Qxa7 {[%emt 0:00:00] Qa1+ would kill now.} Kb2 {[%emt 0:00:00] Prevents Qa1+.} 41. Qb7+ Kc1 42. Qh1 c3 43. Ke2+ Kb2 {[%emt 0:00:52] ( -> ...Qa6+)} 44. Qb7+ (44. h6 $2 Qa6+ 45. Ke3 c2 $19) 44... Kc1 {[%emt 0:01:24] And now ...Qd4 would win.} 45. Qh1+ Kb2 46. Qb7+ ({Don't blunder} 46. h6 $2 Qa6+ 47. Ke3 c2 $19) 46... Kc1 47. Qh1+ {[%emt 0:00:14] Whites escaped into a draw.   Weighted Error Value: White=0.24 (precise) /Black=0.20 (precise)} 1/2-1/2

[Event "European Women-ch 2023"]
[Site "Petrovac"]
[Date "2023.03.20"]
[Round "3.24"]
[White "Sliwicka, Alicja"]
[Black "Koljevic, Nikolina"]
[Result "1-0"]
[ECO "B45"]
[WhiteElo "2272"]
[BlackElo "2042"]
[Annotator "TA"]
[PlyCount "49"]
[EventDate "2023.03.15"]
[EventType "swiss"]
[EventCountry "MNE"]
[SourceTitle "playchess.com"]
[Source "ChessBase"]
[SourceQuality "1"]
[TimeControl "40/5400+30:1800+30"]

1. e4 c5 2. Nf3 e6 3. d4 cxd4 4. Nxd4 Nf6 5. Nc3 Nc6 6. Ndb5 Bc5 7. Nd6+ {[%emt 0:00:13] B45: Sicilian Four Knights.} Ke7 $1 8. Bf4 e5 9. Nf5+ {[%emt 0:00:09][%cal Bd6f5,Bf5e3,Be3d5,Bd5e7][%mdl 32] White has an edge.} Kf8 10. Bg5 h6 11. Bxf6 Qxf6 12. Bc4 d6 13. Ne3 Be6 {[%emt 0:04:32] [#] ...Bxc4 is the strong threat.} 14. O-O {[%emt 0:06:19] [#]} Kg8 $146 ({Predecessor:} 14... g6 15. Ncd5 Qd8 16. c3 Rc8 17. Qd3 a6 18. Rad1 Kg7 19. b4 Ba7 20. Bb3 Rf8 {1-0 Fecker,N (2308)-Kurmann,O (2430) SUI World Cup qual rapid 2021 (3)}) 15. Ncd5 Qg5 16. c3 Ne7 17. Nxe7+ (17. b4 {simplifies} Bxe3 18. Nxe3 Bxc4 19. Nxc4 Rd8 20. Qf3) 17... Qxe7 18. Nd5 Qh4 (18... Qd7 $14) 19. b4 $18 Qxe4 20. Ne7+ Kf8 21. Bxe6 fxe6 22. bxc5 d5 $2 (22... Kxe7 $16 23. cxd6+ (23. Qxd6+ Kf7 $16) 23... Kf6) 23. Re1 {[%emt 0:00:39][%mdl 64] Skewer, Deflection. White is clearly winning.} Qh7 {[%emt 0:01:55] [#]} 24. Rxe5 $1 Kxe7 25. Qxd5 {[%emt 0:00:13] Weighted Error Value: White=0.00 (flawless) /Black=0.16 (very precise)} 1-0

[Event "European Women-ch 2023"]
[Site "Petrovac"]
[Date "2023.03.20"]
[Round "3.25"]
[White "Walter, Ema"]
[Black "Zhapova, Yana"]
[Result "0-1"]
[ECO "B13"]
[WhiteElo "2048"]
[BlackElo "2269"]
[Annotator "TA"]
[PlyCount "82"]
[EventDate "2023.03.15"]
[EventType "swiss"]
[EventCountry "MNE"]
[SourceTitle "playchess.com"]
[Source "ChessBase"]
[SourceQuality "1"]
[TimeControl "40/5400+30:1800+30"]

1. e4 c6 2. d4 d5 3. exd5 cxd5 4. Bd3 Nc6 5. c3 Nf6 6. Bf4 Bg4 7. Qb3 Qd7 8. Nd2 e6 9. Ngf3 Bd6 $1 {[%emt 0:00:30][%mdl 4] is more profitable than 9...Bxf3 at the moment.} 10. Bxd6 Qxd6 11. O-O {[%emt 0:00:10][%cal Bh1f1,Bf1e1,Be1e5][%mdl 32] B13: Caro-Kann: Exchange Variation and Panov-Botvinnik Attack.} O-O 12. Rfe1 Qc7 13. Ne5 {[%emt 0:02:34] White has an edge.} Nxe5 14. Rxe5 Bh5 15. Qc2 Bg6 16. Bxg6 hxg6 17. Re3 {[%emt 0:01:01] [#]} Rfc8 $146 ({Predecessor:} 17... b5 18. a4 b4 19. Nb3 Rab8 20. Nc5 bxc3 21. Rxc3 Qf4 22. Rd1 Qd6 23. Nd3 Qb6 {0-1 Loskutova,V (2076)-Nechaeva,M (2373) RUS-chT Rapid (Women) 2022 (6.4)}) 18. Qd3 Qd6 19. Rh3 Nh5 {[%emt 0:05:31] And now ...Nf4 would win.} 20. Qe3 b5 21. Nf3 {[%emt 0:09:17] Hoping for Ne5.} f6 {[%emt 0:23:08] [#] Inhibits Ne5.} (21... Qf4 $1 $14) 22. Ne5 $2 fxe5 $17 23. dxe5 Qf8 24. Rf3 Qe7 {[%emt 0:00:25] White must now prevent ...g5.} 25. g4 {[%emt 0:00:43] [#]} Rc4 $1 26. gxh5 gxh5 27. Rg3 Rf8 28. Kh1 h4 $36 {[%emt 0:02:36][%mdl 2048] Keeping White busy. Black is more active.} 29. Rg6 {[%emt 0:03:04] [#]} d4 $1 30. cxd4 $11 Qb7+ 31. Kg1 Rf3 32. Qg5 Rxd4 33. Rc1 Qd7 {[%emt 0:02:52] Prevents Rc8+. Threatens to win with ...Rd1+.} (33... h3 $5 34. Rxe6 Qd7 $15) 34. Kg2 $2 {[%emt 0:03:31] [#] This costs White the game.} (34. Qh6 $2 Rd1+ 35. Kg2 Rxc1 36. Qxc1 Qd5 $19) (34. h3 $1 $11 {and White is okay.}) 34... Rf8 $1 $19 35. Re1 $2 (35. Rf1 {was necessary.}) 35... Rdf4 ({But not} 35... Rf5 $2 36. Qh6 $19) 36. Re2 $2 (36. Kg1 $19 Rxf2 37. Rf6 R8xf6 38. exf6 Rxf6 39. Qxh4) 36... R8f5 (36... Qc6+ $142 37. Kg1 Qc1+ 38. Kg2 h3+ 39. Kg3 Qg1+ 40. Kxh3 Qf1+ 41. Qg2 Rf3+ 42. Rg3 Qxe2 43. Rxf3 Rxf3+ 44. Qg3 Qxf2 {[%mdl 64] Pin} 45. Kg4 Rxg3+ 46. hxg3 Kf7 47. b4 Kg6 48. Kh4 Kf5 49. Kh3 g5 50. a3 g4+ 51. Kh4 Qh2#) 37. Qh6 Qd5+ {[%emt 0:00:45] Black mates.} 38. Kg1 Qd1+ ({Don't play} 38... Qxa2 39. Qxg7#) 39. Kg2 h3+ {[%emt 0:01:06][%mdl 64] Decoy} (39... Qxe2 40. Qxg7#) 40. Kxh3 Qf1+ ({Resist} 40... Qxe2 41. Qxg7#) 41. Kg3 Rf3+ {[%emt 0:00:42] Artfully played by Zhapova.   Weighted Error Value: White=0.62/Black=0.28 (precise)} 0-1

[Event "European Women-ch 2023"]
[Site "Petrovac"]
[Date "2023.03.20"]
[Round "3.26"]
[White "Lomaia, Diana"]
[Black "Olde, Margareth"]
[Result "0-1"]
[ECO "E21"]
[WhiteElo "1950"]
[BlackElo "2234"]
[Annotator "TA"]
[PlyCount "76"]
[EventDate "2023.03.15"]
[EventType "swiss"]
[EventCountry "MNE"]
[SourceTitle "playchess.com"]
[Source "ChessBase"]
[SourceQuality "1"]
[TimeControl "40/5400+30:1800+30"]

1. d4 Nf6 2. c4 e6 3. Nc3 Bb4 4. Nf3 b6 5. Qb3 c5 6. dxc5 bxc5 7. g3 {[%emt 0:02:10] E21: Nimzo-Indian: 4 Nf3.} Nc6 8. Bg2 Bb7 9. O-O {[%emt 0:03:32] Threatening Na4. White has an edge.} Na5 10. Qc2 Nxc4 11. a3 Bxc3 12. Qxc3 {[%emt 0:00:41] [#]} d5 $146 ({Predecessor:} 12... Bd5 13. Bg5 h6 14. e4 Nxe4 15. Qxg7 Nxg5 16. Qxh8+ Ke7 17. Qxh6 Nxf3+ 18. Bxf3 Bxf3 {1-0 Mendoza Navas,P (2070)-Garcia Munoz,J (2145) Malaga-ch 1995 (8)}) 13. b3 Qa5 $36 {[%emt 0:03:21][%mdl 2048] Black has the initiative.} 14. Qc2 Nd6 15. Bd2 (15. b4 $11 cxb4 16. Bf4) 15... Qb6 $17 16. Ne5 Rc8 ({Better is} 16... O-O $17 17. Rab1 Rfc8) 17. a4 (17. b4 $15) 17... Nf5 {[%emt 0:05:33] Strongly threatening ...Nd4.} 18. e3 {[%emt 0:04:12] Wards off Nd4} h6 19. Rfc1 O-O 20. a5 Qd6 21. Nd3 Nd7 22. Nf4 Ne7 23. Qb2 e5 24. a6 Bc6 ({Stronger than} 24... Bxa6 25. Nxd5 Nxd5 26. Bxd5 $15) 25. Ne2 (25. Nd3 {was called for.}) 25... d4 $19 26. Bxc6 Nxc6 (26... Rxc6 $2 {too greedy.} 27. Qa3 $19) 27. Qa3 Qd5 28. exd4 cxd4 29. Rc4 (29. b4 $142) 29... Qf3 30. Re1 Nf6 {[%emt 0:03:34][%cal Bd7f6,Bf6e4,Be4d2][%mdl 32] Threatens to win with ...Ne4.} 31. Nc1 Ne4 32. Re2 Nxd2 {[%emt 0:01:17][%mdl 64] [#] Deflection} 33. Rxd2 e4 34. Qb2 e3 35. Re2 Ne5 36. Rxc8 Rxc8 37. Re1 {[%emt 0:00:34] White is weak on the dark squares} exf2+ (37... Qe4 $142 38. fxe3 Nf3+ 39. Kf1 Nxe1 40. Kxe1 Qxe3+ 41. Kd1 d3 42. Nxd3 Qxd3+ 43. Qd2 Qf1+ 44. Qe1 Rd8+ {[%mdl 64] Deflection} 45. Kc2 Qxe1 46. Kb2 Rd1 47. b4 Qxb4+ 48. Kc2 Rd2+ 49. Kc1 Qb2#) 38. Qxf2 {[%emt 0:00:08] [#]} Rxc1 $1 {[%emt 0:00:37][%mdl 512] Weighted Error Value: White=0.87/Black=0.31} 0-1

[Event "European Women-ch 2023"]
[Site "Petrovac"]
[Date "2023.03.20"]
[Round "3.27"]
[White "Eric, Jovana"]
[Black "Skvortsova, Alena"]
[Result "0-1"]
[ECO "B33"]
[WhiteElo "2230"]
[BlackElo "2032"]
[Annotator "TA"]
[PlyCount "100"]
[EventDate "2023.03.15"]
[EventType "swiss"]
[EventCountry "MNE"]
[SourceTitle "playchess.com"]
[Source "ChessBase"]
[SourceQuality "1"]
[TimeControl "40/5400+30:1800+30"]

1. e4 c5 2. Nf3 Nc6 3. d4 cxd4 4. Nxd4 Nf6 5. Nc3 e5 6. Ndb5 d6 7. Nd5 Nxd5 8. exd5 Nb8 9. c4 Be7 10. Be2 O-O 11. O-O a6 12. Nc3 Nd7 13. a3 f5 14. Kh1 {[%emt 0:03:16] [#] B33: Sicilian: Pelikan and Sveshnikov Variations.} f4 $146 ({Predecessor:} 14... Qe8 15. f4 e4 16. Be3 Qg6 17. b4 Nf6 18. c5 Bd7 19. Na4 Bxa4 20. Qxa4 Kh8 {1-0 Aliavdin,N (2343)-Welna,L (1854) Szczecin Stoczni Nowa Cup 2008 (8.1)}) 15. f3 Rf6 (15... Bh4 $5 ) 16. Ne4 {[%emt 0:07:23] The position is equal.} Rh6 17. g3 {[%emt 0:01:28] Dodges Bh4} Bg5 18. Rg1 {[%emt 0:20:55] Rg2 is the strong threat.} (18. Rf2 $5 ) 18... Nc5 19. gxf4 ({Better is} 19. Nxc5 $1 $14 dxc5 20. Bd3) 19... Bxf4 (19... Nxe4 $15 20. fxe4 Bxf4 21. Bxf4 exf4) 20. Bxf4 $11 exf4 $40 {[%emt 0:00:09][%mdl 128] Black has some attack.} 21. Nf2 $1 (21. Qd4 Rxh2+ 22. Kxh2 Qh4+ 23. Kg2 Bh3+ 24. Kh2 Bf1#) 21... Qh4 22. Rg2 Bf5 23. b4 $1 Nd7 24. Rc1 (24. Bd3 $14 Bh3 25. Nxh3 Qxh3 26. c5) 24... b6 25. Qd4 (25. Bd3 $5 Bh3 26. Nxh3 Qxh3 27. Qe2 $11) 25... Rg6 26. Rxg6 {[%emt 0:02:27] This costs White the game.} (26. Bd3 $11 Rxg2 27. Kxg2 Bxd3 28. Nxd3) 26... hxg6 $19 27. Ne4 {[%emt 0:02:57] [#]} Re8 $1 28. Rg1 $2 (28. Ng3 {is a better chance.}) 28... Bxe4 29. fxe4 Ne5 (29... Nf6 $142 30. Bf3 g5) 30. Qd1 {[%emt 0:01:42] White is weak on the dark squares} Qh3 {[%emt 0:02:26] And now ...Qe3 would win.} 31. Bg4 Qe3 (31... Qxa3 32. Be6+ Kf8 33. Rf1 $19) 32. Be6+ $2 {[%emt 0:04:31] [#]} (32. Qe2 Nxg4 33. Qxg4 Qxe4+ 34. Qg2 Qxc4 35. Qxg6 Qxd5+ 36. Qg2) 32... Rxe6 $1 33. dxe6 (33. Re1 Qf3+) 33... Qxe4+ {[%emt 0:00:13][%mdl 4096] Endgame KQR-KQN} (33... Nxc4 34. Re1 (34. Rxg6 $2 Qxe4+ 35. Rg2 Qxg2+ {[%mdl 64] Decoy} 36. Kxg2 Ne3+ 37. Kh3 Nxd1 $19) 34... Qc3 35. Rg1 $14) 34. Rg2 {[%emt 0:00:04] [#]} f3 $1 (34... Qxc4 35. Qxd6 Qf1+ 36. Rg1 Qf3+ 37. Rg2 $11) (34... Nxc4 35. Qc2 Qxe6 36. Qxg6 $11) 35. Rf2 Nd3 (35... Nxc4 36. e7 (36. Qxf3 Qxe6 37. a4 Ne5 $11) (36. Rxf3 $2 Ne3 $19) 36... Qxe7 37. Qd5+ (37. Rxf3 Qe6 $11) 37... Qf7 38. Qxf7+ (38. Qxf3 Qe6 $11) 38... Kxf7 39. Rxf3+ Ke6 40. Kg2 $16) 36. Qd2 Nxf2+ 37. Qxf2 {[%emt 0:00:05] KQ-KQ} g5 (37... Qxc4 38. Qxf3 Qxe6 39. Qa8+ Kh7 40. Qxa6 $17) 38. h3 g4 {[%emt 0:00:33] ( -> ...g3)} (38... Qxe6 39. Qxf3 Qxc4 40. Kg2 $17) 39. hxg4 (39. Kh2 $142 Qf4+ 40. Qg3 Qd2+ 41. Kg1 Qd1+ 42. Kh2 Qe2+ 43. Kg1 gxh3 44. e7) 39... Qxg4 (39... Qxe6 40. Qxf3 Qxc4 41. Kh2 $17) 40. a4 a5 {[%emt 0:00:00] Black mates.} ({Stronger than} 40... Qxe6 41. Qxf3 Qxc4 42. Qe3 $19) 41. bxa5 bxa5 ({Not} 41... Qxe6 42. axb6 Qe2 43. Kg1 Qxc4 44. Kh2 $11 (44. Qxf3 Qc5+ 45. Qf2 Qc1+ 46. Kh2 Qh6+ 47. Kg3 Qg5+ 48. Kf3 Qf5+ 49. Ke3 Qc5+ 50. Ke2 Qc2+ 51. Kf1 Qc1+ 52. Qe1 Qf4+ 53. Kg2 Qg4+ 54. Qg3 Qe2+ 55. Qf2 Qg4+ 56. Kh1 Qe4+ 57. Qg2 Qh4+ 58. Kg1 Qd4+ 59. Qf2 Qg4+ 60. Qg2 Qd4+ 61. Qf2 Qg4+ 62. Qg2 Qd4+ $11)) 42. Qb2 Qg2+ 43. Qxg2 fxg2+ 44. Kxg2 {[%emt 0:00:06] K3P-K3P} Kf8 45. Kf3 Ke7 46. Ke4 Kxe6 47. Kd4 g5 48. Ke4 g4 49. Kf4 {[%emt 0:00:04] [#]} g3 $1 {[%emt 0:00:03][%mdl 576] Deflection} 50. Kxg3 Ke5 {[%emt 0:00:03] Weighted Error Value: White=0.84/Black=0.13 (very precise)} 0-1